 Dungeon Crawl Stone Soup version 0.14-a0-30-gf0b6e91 (webtiles) character file.

306 Payway the Grave Robber (level 5, -5/35 HPs)
             Began as a Vampire Necromancer on Sept 27, 2013.
             Slain by a gnoll
             ... wielding a +0,+0 halberd
              (8 damage)
             ... on Level 3 of the Dungeon.
             The game lasted 00:14:28 (3316 turns).

Payway the Grave Robber (Vampire Necromancer)       Turns: 3316, Time: 00:14:28

HP  -5/35        AC  5     Str  7      XL: 5   Next: 39%
MP   0/12        EV 13     Int 18      God:
Gold 118         SH  0     Dex 14      Spells:  4 memorised,  1 level left

Res.Fire  : . . .   See Invis. : +   i - +1,+0 elf dagger
Res.Cold  : . . .   Warding    : .   a - +0 robe
Life Prot.: + . .   Conserve   : .   (no shield)
Res.Poison: .       Res.Corr.  : .   k - +0 helmet
Res.Elec. : .       Clarity    : .   g - +1 dwarf cloak
Sust.Abil.: . .     Spirit.Shd : .   (no gloves)
Res.Mut.  : .       Stasis     : .   (no boots)
Res.Rott. : .       Flight     : .   (no amulet)
Saprovore : . . .                    (no ring)
                                     (no ring)

@: glowing, slightly resistant to hostile enchantments, unstealthy
A: fangs 3, see invisible, unbreathing
a: Bat Form


You were on level 3 of the Dungeon.
You were not thirsty.

You visited 1 branch of the dungeon, and saw 3 of its levels.

You collected 98 gold pieces.

Inventory:

Hand weapons
 i - a +1,+0 elven dagger (weapon)
Missiles
 d - 10 darts (quivered)
 m - 42 bolts
Armour
 a - a +0 robe (worn)
 f - a cursed +0 ring mail
 g - a +1 dwarven cloak (worn)
 k - a +0 helmet (worn)
Magical devices
 p - a wand of flame (19) {unknown}
Scrolls
 c - a scroll of amnesia
 e - a scroll of curse armour {unknown}
 h - a scroll of remove curse
 j - 2 scrolls of enchant weapon II {unknown}
 l - a scroll of fog {unknown}
 n - a scroll of fear {unknown}
 q - 2 scrolls of identify {unknown}
Jewellery
 o - an uncursed ring of see invisible {unknown}
Books
 b - a book of Necromancy

   Spells                             Type                      Level
   *Pain                              Necromancy                   1
   *Animate Skeleton                  Necromancy                   1
   Lethal Infusion                    Charms/Necromancy            2
   *Vampiric Draining                 Necromancy                   3
   Regeneration                       Charms/Necromancy            3
   *Animate Dead                      Necromancy                   4
   Control Undead                     Necromancy                   4


   Skills:
 + Level 2.6 Dodging
 + Level 3.1 Stealth
 + Level 3.4 Spellcasting
 + Level 5.8 Necromancy


You had one spell level left.
You knew the following spells:

 Your Spells              Type           Power        Failure   Level  Hunger
a - Pain                  Necr           ###.         1%          1    None
b - Animate Skeleton      Necr           N/A          1%          1    None
c - Vampiric Draining     Necr           ###.......   4%          3    ###....
d - Animate Dead          Necr           N/A          17%         4    ####...


Dungeon Overview and Level Annotations

Branches:
Dungeon (3/27)

Altars:
Nemelex Xobeh
Xom

Annotations:
D:2 Grinder


Innate Abilities, Weirdness & Mutations

You have razor-sharp teeth.*
You have supernaturally acute eyesight.
You can survive without breathing.*


Message History

Aim: a gnoll shaman, wielding a club and wearing a robe (severely wounded)
The gnoll shaman convulses in agony!
The gnoll shaman prays to its god.
The gnoll shaman is healed somewhat.
The gnoll throws a stone.
The stone misses you.
The gnoll unwields an uncursed spear.
The gnoll drops an uncursed spear.
The gnoll picks up a flail.
The gnoll wields a flail.
The gnoll shaman calls upon its god to speed up the gnoll.
The gnoll seems to speed up.
The gnoll shaman calls upon its god to speed up the gnoll.
The gnoll seems to speed up.
The gnoll throws a stone.
The stone hits you!
* * * LOW HITPOINT WARNING * * *
You see here a stone.
Read which item? (? for menu, Esc to quit)
As you read the scroll labeled YBUTHE GRIPPOS, it crumbles to dust.
Forget which spell ([?*] list [ESC] exit)?
Okay, then.
It was a scroll of amnesia.
The gnoll hits you from afar with a halberd!
You die...

####....########gg......).####.##
#%##..).....#O#.#.##.### #z#
#)##........#.#.#.##.# #z#
#.##........#g#.#.##)# #z#
#.##........#g#g#.##z# #z#
####.##........#.#g#.##.######z#
....<..........gg............#.#
####.##........#(###.........#.#
.....######.####@# #.........#.#
###### #.# #.# #.).......#z# #.#
#.# #.#########z# #.# #.# #.# #z#
#.# #.# #.# #.# #.# #.# #.# #.#
###########.# #.# #.# #.#
.>..........# #.# #.# #.#
############# #.# #.# #.#


You could see an ogre, 2 gnoll shamans and 6 gnolls.

Vanquished Creatures
  An orc wizard (D:3)
  Terence (D:3)
  4 gnolls (D:3)
  2 adders
  A worm (D:3)
  9 orcs (D:3)
  A ball python (D:2)
  7 bats
  4 giant cockroaches
  8 hobgoblins
  9 jackals
  11 kobolds
  A quokka (D:3)
  2 giant geckos
  2 giant newts (D:1)
  7 goblins
  6 rats
76 creatures vanquished.

Vanquished Creatures (others)
  A bat zombie (D:3)
  A goblin skeleton (D:3)
  2 kobold skeletons (D:3)
  A kobold zombie (D:3)
  2 orc skeletons (D:3)
  A quokka skeleton (D:3)
8 creatures vanquished.

Grand Total: 84 creatures vanquished

Notes
Turn   | Place    | Note
--------------------------------------------------------------
     0 | D:1      | Payway, the Vampire Necromancer, began the quest for the Orb.
     0 | D:1      | Reached XP level 1. HP: 13/13 MP: 4/4
   107 | D:1      | Reached XP level 2. HP: 11/19 MP: 0/5
   113 | D:1      | Learned a level 1 spell: Animate Skeleton
   235 | D:1      | Found a sparkling altar of Nemelex Xobeh.
   258 | D:1      | Reached skill level 5 in Necromancy
   829 | D:1      | Reached XP level 3. HP: 20/24 MP: 1/7
  1037 | D:2      | Learned a level 3 spell: Vampiric Draining
  1738 | D:3      | Noticed Grinder
  1757 | D:3      | Paralysed by Grinder for 4 turns
  1872 | D:3      | Noticed Terence
  1893 | D:3      | Killed Terence
  1893 | D:3      | Reached XP level 4. HP: 15/30 MP: 0/9
  2059 | D:3      | Found a shimmering altar of Xom.
  2224 | D:3      | HP: 1/30 [orc/orcish flail (6)]
  2544 | D:3      | Reached XP level 5. HP: 24/35 MP: 6/11
  2646 | D:3      | Learned a level 4 spell: Animate Dead
  3292 | D:3      | Noticed an ogre
  3316 | D:3      | Slain by a gnoll

Action                   |  1- 3 |  4- 6 || total
-------------------------+-------+-------++-------
Melee: Unarmed           |     1 |       ||     1
       Dagger            |    20 |    12 ||    32
Throw: Dart              |     1 |       ||     1
 Cast: Pain              |    67 |    56 ||   123
       Animate Skeleton  |     5 |     3 ||     8
       Vampiric Draining |     1 |     8 ||     9
       Animate Dead      |       |     2 ||     2
  Use: Scroll            |     1 |     2 ||     3
